 Dungeon Crawl Stone Soup version 0.31-a0-1001-g770356a28f (webtiles) character file.

Game seed: 828147244933054931

186 EC1 the Trooper (level 5, -1/46 HPs)
             Began as a Ghoul Fighter on Nov 8, 2023.
             Slain by Eustachio
             ... wielding a +0 falchion
              (3 damage)
             ... on level 4 of the Dungeon.
             The game lasted 00:09:18 (2830 turns).

EC1 the Trooper (Ghoul Fighter)                     Turns: 2830, Time: 00:09:18

Health: -1/46      AC:  9    Str: 22      XL:     5   Next: 65%
Magic:  4/4        EV: 10    Int:  1 (3)  God:
Gold:   145        SH:  0    Dex: 12 (14) Spells: 4/4 levels left

rFire   . . .        h - +0 hand axe
rCold   + . .        n - orb {mayhem}
rNeg    + + +        a - +1 scale mail
rPois   ∞            (no helmet)
rElec   .            (no cloak)
rCorr   .            (no gloves)
SInv    .            v - +0 pair of boots
Will    .....        (no amulet) Stlth
                     j - +6 ring of dexterity
HPRegen 0.27/turn    w - ring of poison resistance
MPRegen 0.09/turn

%: mayhem
@: slowed, lost intelligence, unable to read, very slow
A: claws 1, cold resistance 1, negative energy resistance 3, inhibited
regeneration, torment resistance 2, devour on kill
a: no special abilities


You were on level 4 of the Dungeon.
You visited 1 branch of the dungeon, and saw 4 of its levels.

You collected 145 gold pieces.

Inventory:

Hand Weapons
 d - a +0 dagger
 f - a +0 short sword
 h - a +0 hand axe (weapon)
 i - a +1 spear
 l - a +0 mace
 o - a +0 long sword
Armour
 a - a +1 scale mail (worn)
 b - a +0 buckler
 n - an orb of mayhem (worn)
 q - a +0 chain mail
 v - a +0 pair of boots (worn)
 z - a +0 robe
Jewellery
 j - a +6 ring of dexterity (left claw)
 w - a ring of poison resistance (right claw)
Wands
 m - a wand of paralysis (9) (quivered)
Scrolls
 e - 2 scrolls of identify
 g - 3 scrolls of fog
 p - a scroll of revelation {unknown}
 r - a scroll of fear {unknown}
 s - a scroll of noise {unknown}
 t - a scroll of silence {unknown}
 u - 2 scrolls of poison
 x - 2 scrolls of immolation {unknown}
 y - a scroll of amnesia {unknown}
Potions
 c - a potion of might
 k - a potion of mutation


   Skills:
 + Level 4.3 Fighting
 + Level 1.1(1.3) Axes
 + Level 0.7(1.1) Polearms
 + Level 3.6 Armour
 + Level 0.5 Dodging
 + Level 0.6 Stealth
 + Level 3.2 Shields
 + Level 3.2 Unarmed Combat


You had 4 spell levels left.
You didn't know any spells.
Your spell library was empty.

Dungeon Overview and Level Annotations

Branches:
Dungeon (4/15)
 Temple: D:4-7

Altars:

Annotations:
D:4 Eustachio


Innate Abilities, Weirdness & Mutations

You are immune to poison.
You have sharp fingernails.
Your flesh is cold resistant. (rC+)
You are immune to negative energy. (rN+++)
You do not regenerate when monsters are visible.
You are immune to unholy pain and torment.
You thrive by killing the living.


Message History

You hit the endoplasm but do no damage.
The endoplasm hits you but does no damage.
The endoplasm barely misses you.
The endoplasm hits Eustachio but does no damage.
You strike the helpless endoplasm from behind!
You slash the endoplasm!
You kill the endoplasm!
You feel better.
Eustachio flies into a frenzy!
A goblin comes into view. It is wielding a +0 club.
Eustachio barely misses you. Eustachio hits you with a +0 falchion!
You closely miss Eustachio. Eustachio barely misses you.
Eustachio hits you with a +0 falchion.
You hit Eustachio.
Eustachio is lightly wounded.
Eustachio completely misses you. Eustachio barely misses you.
Eustachio hits the goblin with a +0 falchion!
The goblin dies!
You strike the helpless Eustachio from behind!
You hit Eustachio.
Eustachio is moderately wounded.
Eustachio hits you with a +0 falchion! Eustachio barely misses you.
Eustachio closely misses you.
You closely miss Eustachio.
Eustachio is moderately wounded.
Eustachio closely misses you. Eustachio hits you with a +0 falchion.
Eustachio closely misses you.
You hit Eustachio.
Eustachio is moderately wounded.
Eustachio closely misses you.
Eustachio hits you with a +0 falchion. x2
You barely miss Eustachio.
Eustachio is moderately wounded.
Eustachio hits you with a +0 falchion!
* * * LOW HITPOINT WARNING * * *
Eustachio hits you with a +0 falchion.
* * * LOW HITPOINT WARNING * * *
Unknown command.
You barely miss Eustachio.
Eustachio is moderately wounded.
Eustachio hits you with a +0 falchion.
You die...

#..... #.... ..... # ##...
...##.# .#.##.... ...#...
...$....# # ....... .......)#
.# ........ .#.. #@### ..#
.......##....#.#@..# ..##
...............###.## .....
..........##..# #..###......
..#........#.# ##.#........
..##.........######...##.####
..##.................##
...#.........#........#
##..†...>..........##.#
##..........#.....# ...


You could see the neutral Eustachio (fast, strong, frenzied).

Vanquished Creatures
  A hound (D:4)
  A sleepcap (D:4)
  5 adders
  A worm (D:2)
  A dart slug (D:2)
  An orc (D:3)
  7 ball pythons
  5 bats
  5 endoplasms
  6 giant cockroaches
  7 goblins
  9 hobgoblins
  3 jackals (D:1)
  7 kobolds
  4 quokkas
  2 frilled lizards (D:2)
  5 rats
70 creatures vanquished.

Vanquished Creatures (collateral kills)
  A goblin (D:4)
1 creature vanquished.

Grand Total: 71 creatures vanquished

Notes
Turn   | Place    | Note
-------+----------+-------------------------------------------
     0 | D:1      | EC1 the Ghoul Fighter began the quest for the Orb.
     0 | D:1      | Reached XP level 1. HP: 19/19 MP: 0/0
    95 | D:1      | Reached XP level 2. HP: 23/26 MP: 1/1
   149 | D:1      | Found a faded altar of an unknown god.
   367 | D:1      | Reached XP level 3. HP: 33/33 MP: 2/2
   902 | D:2      | Reached XP level 4. HP: 39/40 MP: 3/3
  1248 | D:2      | Lost intelligence.
  2454 | D:3      | Reached skill level 4 in Fighting
  2723 | D:4      | Reached XP level 5. HP: 40/46 MP: 4/4
  2816 | D:4      | Noticed Eustachio
  2820 | D:4      | Reached skill level 1 in Axes
  2829 | D:4      | HP: 2/46 [Eustachio/+0 falchion (2)]
  2830 | D:4      | Slain by Eustachio

Illustrated notes

Levels and vault maps discovered:
D:1:      eino_arrival_cavern_b, layout_rooms,
          hellmonk_ecumenical_altar_prayer_group,
          corexii_item_surrounded_by_moat
D:2:      minmay_razor_zed, layout_basic, hangedman_glass_teeth
D:3:      layout_loops_cross
D:4:      layout_rooms, uniq_eustachio

Skill      XL: |  1  2  3  4  5 |
---------------+----------------+-----
Shields        | 3 |  3.2
Armour         | 3 |  3.6
Unarmed Combat | 3 |  3.2
Fighting       | 4 |  4.3
Axes           | 1 |  1.1
Polearms       | |  0.7
Dodging        | |  0.5
Stealth        | |  0.6

Action                     |  1- 3 |  4- 6 || total
---------------------------+-------+-------++-------
  Melee: Dagger            |    13 |       ||    13
         Unarmed           |    53 |       ||    53
         Spear             |    33 |    38 ||    71
         Hand axe          |       |    89 ||    89
    Use: Potion            |     3 |     5 ||     8
         Scroll            |     3 |     2 ||     5
   Stab: Invisible         |       |     1 ||     1
         Distracted        |       |     2 ||     2
 Armour: Scale mail        |    66 |   156 ||   222
  Dodge: Dodged            |    54 |   109 ||   163
  Block: Buckler           |    14 |     8 ||    22

Table legend: (Time is in decaauts)
 A = Elapsed time spent in this place.
 B = Non-inter-level travel time spent in this place.
 C = Inter-level travel time spent in this place.
 D = Time resting spent in this place.
 E = Time spent auto-exploring this place.
 F = Levels seen in this place.
 G = Mean time per level.
                   A        B        C        D        E       F      G
               +--------+--------+--------+--------+--------+-----+--------+
         Total |   3645 |   3645 |      0 |    267 |   1531 |   4 |  911.2 |
       Dungeon |   3645 |   3645 |      0 |    267 |   1531 |   4 |  911.2 |
               +--------+--------+--------+--------+--------+-----+--------+

Top non-repeatable levels by time:
     D:3: 1486 daAuts
     D:2: 1378 daAuts
     D:1: 557 daAuts
     D:4: 222 daAuts
